 Dungeon Crawl Stone Soup version 0.28-a0-1002-gf00fe891ef (webtiles) character file.

Game seed: 12974571497979037926

1138 r3xj the Cleaver (level 8, 0/64 HPs)
             Began as a Minotaur Berserker on Dec 6, 2021.
             Was a High Priest of Trog.
             Slain by an ice beast (13 damage)
             ... on level 5 of the Dungeon.
             The game lasted 00:10:07 (6623 turns).

r3xj the Cleaver (Minotaur Berserker)               Turns: 6623, Time: 00:10:07

Health: 0/64       AC:  7    Str: 22    XL:     8   Next: 14%
Magic:  7/7        EV: 10    Int:  4    God:    Trog [*****.]
Gold:   237        SH:  0    Dex: 12    Spells: 7/7 levels left

rFire   + + .      SeeInvis .   t - +0 battleaxe
rCold   . . .      Faith    .   (shield currently unavailable)
rNeg    . . .      Spirit   .   n - +0 scale mail
rPois   .          Reflect  .   (helmet restricted)
rElec   .          Harm     .   (no cloak)
rCorr   .          Rampage  .   r - +0 pair of gloves
Will    .....                   (no boots)
Stlth   ..........              (no amulet)
HPRegen 0.20/turn               u - ring of protection from fire
MPRegen 0.10/turn               v - ring of protection from fire

@: studying Throwing
A: horns 2, retaliatory headbutt
a: Renounce Religion, Berserk, Trog's Hand, Brothers in Arms


You were on level 5 of the Dungeon.
You worshipped Trog.
Trog was extremely pleased with you.
You visited 1 branch of the dungeon, and saw 5 of its levels.
You also visited: Sewer.

You collected 237 gold pieces.

Inventory:

Hand Weapons
 a - a +0 mace
 b - a +3 hunting sling
 t - a +0 battleaxe (weapon)
 y - a +4 whip
Missiles
 h - 187 stones (quivered)
 s - 23 poisoned darts
Armour
 n - a +0 scale mail (worn)
 q - a +0 plate armour
 r - a +0 pair of gloves (worn)
Jewellery
 u - a ring of protection from fire (left hand)
 v - a ring of protection from fire (right hand)
Scrolls
 e - a scroll of fog {unknown}
 g - 4 scrolls of vulnerability {unknown}
 i - 2 scrolls of teleportation {unknown}
 o - a scroll of magic mapping {unknown}
 w - a scroll of torment {unknown}
 B - a scroll of enchant armour {unknown}
 D - a scroll of blinking {unknown}
Potions
 c - 2 potions of flight
 d - 2 potions of curing
 f - 3 potions of haste
 j - 2 potions of heal wounds
 k - a potion of berserk rage
 l - 2 potions of lignification
 m - a potion of attraction {unknown}
 x - 2 potions of mutation {unknown}
 z - a potion of magic {unknown}
 A - a potion of might {unknown}
 C - 2 potions of invisibility {unknown}


   Skills:
 - Level 3.6 Fighting
 + Level 8.9(10.3) Axes
 - Level 8.2(10.0) Maces & Flails
 - Level 2.4 Armour
 - Level 2.1 Dodging


You had 7 spell levels left.
You didn't know any spells.
Your spell library was empty.

Dungeon Overview and Level Annotations

Branches:
Dungeon (5/15)             Temple (0/1) D:5           Sewer (visited)

Altars:


Innate Abilities, Weirdness & Mutations

You have a pair of horns on your head.
You reflexively headbutt those who attack you in melee.


Message History

You hit the ice beast. Your headbutt misses the ice beast.
The ice beast is lightly wounded.
You slash the kobold!
You kill the kobold!
Trog accepts your kill.
Trog will now gift you melee weapons as you gain piety.
You completely miss the kobold. The ice beast barely misses you.
You furiously retaliate!
You headbutt the ice beast. The kobold barely misses you.
You furiously retaliate!
You headbutt the kobold.
You kill the kobold!
Trog accepts your kill. The ice beast closely misses you.
You furiously retaliate!
You headbutt the ice beast. You hit the ice beast but do no damage.
You headbutt the ice beast!
The ice beast is severely wounded.
The ice beast hits you but does no damage.
You closely miss the ice beast.
The ice beast is severely wounded.
The ice beast hits you. The ice beast freezes you.
Unknown command.
You are too injured to fight recklessly!
You are too injured to fight recklessly!
Unknown command.
You are too injured to fight recklessly!
Unknown command.
You are too injured to fight recklessly!
You are too injured to fight recklessly!
You completely miss the ice beast. Your headbutt misses the ice beast.
The ice beast is severely wounded.
The ice beast hits you but does no damage.
You closely miss the ice beast. You headbutt the ice beast.
The ice beast is almost dead.
The ice beast hits you. The ice beast freezes you!
* * * LOW HITPOINT WARNING * * *
You closely miss the ice beast.
The ice beast is almost dead.
The ice beast hits you.
* * * LOW HITPOINT WARNING * * *
The ice beast freezes you!
You die...

..#.####..>......[
#.........8....#.#
###.####......## #
#......## ##...###
##.## #.# #.# #@#
#))Y# #.....#
#.......#
#.........# ##
+...^.....+ ...
#.........# ###
##......[##


You could see an ice beast.

Vanquished Creatures
  A necrophage (D:4)
  2 ogres
  A kobold brigand (D:5)
  2 scorpions
  A howler monkey (D:4)
  4 hounds
  A gnoll shaman (D:5)
  Jessica (D:2)
  Terence (D:2)
  An iguana (D:5)
  An orc wizard (D:4)
  2 hound skeletons
  A howler monkey zombie (D:5)
  Robin (D:2)
  4 gnolls (D:5)
  7 river rats (Sewer)
  10 adders
  An adder skeleton (D:4)
  2 dart slugs
  4 orcs
  11 ball pythons
  13 bats
  8 endoplasms
  6 giant cockroaches
  16 goblins
  11 hobgoblins
  10 jackals
  4 quokkas
  2 frilled lizards (D:1)
  24 kobolds
  26 rats
179 creatures vanquished.

Notes
Turn   | Place    | Note
-------+----------+-------------------------------------------
     0 | D:1      | r3xj the Minotaur Berserker began the quest for the Orb.
     0 | D:1      | Reached XP level 1. HP: 19/19 MP: 0/0
   194 | D:1      | Reached XP level 2. HP: 26/26 MP: 1/1
   652 | D:1      | Reached skill level 5 in Maces & Flails
   845 | D:1      | Reached XP level 3. HP: 30/31 MP: 2/2
   859 | D:1      | Reached ** piety under Trog
   895 | D:1      | Noticed a great orb of eyes
   897 | D:1      | Found a faded altar of an unknown god.
   898 | D:1      | Noticed an eye of devastation
   898 | D:1      | Noticed a floating eye
   898 | D:1      | Noticed a shining eye
  1500 | D:2      | Noticed Jessica
  1509 | D:2      | Killed Jessica
  1510 | D:2      | Reached XP level 4. HP: 39/39 MP: 3/3
  1739 | D:2      | Noticed Terence
  1750 | D:2      | Killed Terence
  2406 | D:2      | Noticed Robin
  2413 | D:2      | Killed Robin
  2414 | D:2      | Reached XP level 5. HP: 45/45 MP: 4/4
  2429 | D:2      | Reached *** piety under Trog
  3000 | D:3      | Noticed an ogre
  3626 | D:3      | Killed an ogre
  3627 | D:3      | Reached XP level 6. HP: 51/51 MP: 5/5
  3988 | D:4      | Reached skill level 1 in Axes
  4699 | D:4      | Reached XP level 7. HP: 31/57 MP: 6/6
  4907 | D:4      | Reached skill level 5 in Axes
  5105 | D:5      | Entered Level 5 of the Dungeon
  5172 | D:5      | Found a glowing drain.
  5189 | Sewer    | Entered a sewer
  5204 | Sewer    | Reached **** piety under Trog
  6386 | D:5      | Reached XP level 8. HP: 45/64 MP: 7/7
  6590 | D:5      | Found a staircase to the Ecumenical Temple.
  6618 | D:5      | Reached ***** piety under Trog
  6623 | D:5      | Slain by an ice beast

Illustrated notes

Levels and vault maps discovered:
D:1:      dpeg_arrival_subterranean_lakeside_camping, layout_loops_ring,
          hellmonk_ecumenical_altar_watching_god
D:2:      layout_basic, uniq_jessica, uniq_robin, uniq_terence
D:3:      layout_loops_ring
D:4:      layout_loops_ring
D:5:      layout_loops_corners, temple_statues, portal_sewer_entry_a,
          minmay_manual_monstrance

Skill      XL: |  1  2  3  4  5  6  7 |
---------------+----------------------+-----
Maces & Flails | 4 5 6 8 |  8.2
Axes           | 4 8 |  8.9
Fighting       | |  3.6
Armour         | |  2.4
Dodging        | |  2.1

Action                   |  1- 3 |  4- 6 |  7- 9 || total
-------------------------+-------+-------+-------++-------
Melee: Mace              |    85 |    63 |       ||   148
       Headbutt          |    14 |    23 |    24 ||    61
       Battleaxe         |       |    71 |   125 ||   196
 Fire: Hunting sling     |       |     4 |       ||     4
Invok: Berserk           |     1 |     2 |       ||     3
  Use: Scroll            |       |       |     5 ||     5
Armor: Animal skin       |    14 |       |       ||    14
       Leather armour    |    14 |     9 |       ||    23
       Scale mail        |       |    44 |    45 ||    89
Dodge: Dodged            |    87 |    71 |    67 ||   225

Table legend: (Time is in decaauts)
 A = Elapsed time spent in this place.
 B = Non-inter-level travel time spent in this place.
 C = Inter-level travel time spent in this place.
 D = Time resting spent in this place.
 E = Time spent auto-exploring this place.
 F = Levels seen in this place.
 G = Mean time per level.
                   A        B        C        D        E       F      G
               +--------+--------+--------+--------+--------+-----+--------+
         Total |   6743 |   6299 |    444 |    792 |   4532 |   6 | 1123.8 |
       Dungeon |   5892 |   5448 |    444 |    625 |   4059 |   5 | 1178.4 |
         Sewer |    851 |    851 |      0 |    167 |    472 |   1 |  851.0 |
               +--------+--------+--------+--------+--------+-----+--------+

Top non-repeatable levels by time:
     D:2: 1823 daAuts
     D:1: 1286 daAuts
     D:4: 1203 daAuts
     D:3: 864 daAuts
   Sewer: 851 daAuts
     D:5: 714 daAuts
